 Dungeon Crawl Stone Soup version 0.27.1-3-gb3d3a73c9e (webtiles) character file.

Game seed: 6507320833953553269

315 Borgoz the Skirmisher (level 6, -18/39 HPs)
             Began as a Gargoyle Berserker on Oct 30, 2021.
             Was a Priest of Trog.
             Demolished by an ogre (21 damage)
             ... on level 4 of the Dungeon.
             The game lasted 00:04:58 (3242 turns).

Borgoz the Skirmisher (Gargoyle Berserker)          Turns: 3242, Time: 00:04:58

Health: -18/39     AC: 12    Str: 20    XL:     6   Next: 43%
Magic:  6/6        EV: 10    Int:  8    God:    Trog [***...]
Gold:   92         SH:  0    Dex: 11    Spells: 5/5 levels left

rFire    . . .     SeeInvis .   f - +0 flail (protect)
rCold    . . .     Faith    .   (no shield)
rNeg     + . .     Spirit   .   b - +0 scale mail
rPois    ∞         Reflect  .   (no helmet)
rElec    +         Harm     .   (no cloak)
rCorr    .         Rampage  .   h - +0 pair of gloves
Will     .....                  (no boots)
Stlth    ..........             (no amulet)
HPRegen  0.13/turn              (no ring)
MPRegen  0.10/turn              (no ring)

@: on berserk cooldown
A: sickness immunity, AC +4, negative energy resistance 1, electricity
resistance, torment resistance 1, petrification resistance
a: Renounce Religion, Berserk, Trog's Hand


You were on level 4 of the Dungeon.
You worshipped Trog.
Trog was most pleased with you.
You visited 1 branch of the dungeon, and saw 4 of its levels.

You collected 130 gold pieces.
You spent 38 gold pieces at shops.

Inventory:

Hand Weapons
 f - a +0 flail of protection (weapon)
Armour
 b - a +0 scale mail (worn)
 h - a +0 pair of gloves (worn)
Wands
 a - a wand of mindburst (2)
Scrolls
 e - a scroll of identify {unknown}
 i - 3 scrolls of magic mapping
 j - 2 scrolls of blinking
Potions
 c - 4 potions of curing {unknown}
 d - 3 potions of degeneration {unknown}
 g - a potion of brilliance {unknown}
 k - a potion of flight {unknown}


   Skills:
 + Level 4.7 Fighting
 + Level 4.3 Maces & Flails
 + Level 4.1 Armour
 + Level 2.9 Dodging


You had 5 spell levels left.
You didn't know any spells.
Your spell library was empty.

Dungeon Overview and Level Annotations

Branches:
Dungeon (4/15)             Temple (0/1) D:4

Altars:

Shops:
D:2 *

Annotations:
D:3 3 runed translucent doors, IHuginn's ghost, amateur DDBr


Innate Abilities, Weirdness & Mutations

You are immune to sickness and miasma.
Your stone body is resilient. (AC +4)
You are immune to poison.
You resist negative energy. (rN+)
You are resistant to electric shocks. (rElec)
You are resistant to unholy torment.
You are immune to petrification.


Message History

You feel your anger nearly subside.
You start resting.
You are no longer berserk.
You are exhausted.
You feel yourself slow down.
You start resting.
An ogre comes into view. It is wielding a +0 giant club.
An ogre is nearby!
An ogre is nearby!
You are too injured to fight recklessly!
Aiming: Mindburst
Press: ? - help, Shift-Dir - straight line, f - ogre
Aim: an ogre, wielding a +0 giant club (wandering, hasn't noticed you, chance to affect: 65%)
The ogre struggles to resist.
Aiming: Mindburst
Press: ? - help, Shift-Dir - straight line, f/p - ogre
Aim: an ogre, wielding a +0 giant club (chance to affect: 65%)
The ogre struggles to resist.
You're still recovering from your berserk rage.
You hit the ogre.
Your weapon exudes an aura of protection.
The ogre is lightly wounded.
The ogre barely misses you. x2
You barely miss the ogre.
The ogre is lightly wounded.
The ogre barely misses you.
Your skin crawls.
You feel strong-willed. The ogre barely misses you.
The ogre hits you but does no damage.
You feel the effects of Trog's Hand fading.
The ogre hits you but does no damage.
Your skin stops crawling.
You feel less strong-willed. The ogre closely misses you.
The ogre hits you with a +0 giant club!!
* * * LOW HITPOINT WARNING * * *
You feel yourself speed up.
The ogre hits you with a +0 giant club!!
Ouch! That really hurt!
You die...

#..#####.#####.....#
#.....##...........# ####
##.....<.......#.#.# ...#
#.......####..#.# # ##.#
#...............# ##.#
##.......#......# .#.#####
#............###.#
.......########O..........#
.#.#....[.# ##@##########
...#.#.##.# #.# ####.#.##.#
##.## #:#..#.# #.^.#
####.##.#.# #...######
..#.......# #..........
#.#.......#####...####..#
#.#)###..##............
#.#.#..................


You could see an ogre.

Vanquished Creatures
  An ogre (D:4)
  An orc priest (D:3)
  Ijyb (D:4)
  An orc wizard (D:3)
  2 adders (D:2)
  3 gnolls (D:3)
  3 dart slugs
  8 orcs (D:3)
  5 endoplasms
  3 giant cockroaches
  11 goblins
  9 hobgoblins
  2 jackals (D:2)
  4 kobolds
  8 quokkas
  6 ball pythons
  7 bats
  2 frilled lizards (D:2)
  5 rats
82 creatures vanquished.

Notes
Turn   | Place    | Note
-------+----------+-------------------------------------------
     0 | D:1      | Borgoz the Gargoyle Berserker began the quest for the Orb.
     0 | D:1      | Reached XP level 1. HP: 14/14 MP: 1/1
   487 | D:1      | Reached XP level 2. HP: 17/19 MP: 2/2
   719 | D:1      | Reached XP level 3. HP: 23/23 MP: 3/3
   904 | D:1      | Reached ** piety under Trog
  1253 | D:2      | Found Conummoq's Assorted Antiques.
  1261 | D:2      | Bought a scroll labelled WIWOFR YPRIRHY for 19 gold pieces
  1261 | D:2      | Bought a scroll labelled KINEOBEPOMN for 19 gold pieces
  1305 | D:2      | Reached XP level 4. HP: 29/29 MP: 4/4
  1655 | D:2      | Found a faded altar of an unknown god.
  2219 | D:3      | Reached XP level 5. HP: 33/33 MP: 5/5
  2242 | D:3      | You fall into a shaft and drop 1 floor!
  2418 | D:3      | Reached *** piety under Trog
  2434 | D:3      | Found a runed translucent gate.
  2434 | D:3      | Found a runed translucent gate.
  2434 | D:3      | Found a runed translucent gate.
  2436 | D:3      | Noticed IHuginn's ghost (amateur DDBr)
  2440 | D:3      | Noticed a kobold brigand
  3122 | D:4      | Noticed Ijyb
  3131 | D:4      | Killed Ijyb
  3132 | D:4      | Reached XP level 6. HP: 38/39 MP: 6/6
  3151 | D:4      | Found a staircase to the Ecumenical Temple.
  3242 | D:4      | Demolished by an ogre

Illustrated notes

Levels and vault maps discovered:
D:1:      dpeg_arrival_rooms_c, layout_rooms
D:2:      layout_basic, chequers_ecumenical_altar_grove, serial_shops,
          nicolae_shop_crystal, minmay_misc_feat_hallway, minmay_pentomino_p2
D:3:      layout_basic, gammafunk_ghost_nasty_kobolds
D:4:      layout_loops_cross, minmay_temple_entry_overgrown, uniq_ijyb,
          uniq_eustachio, uniq_pikel

Skill      XL: |  1  2  3  4  5  6 |
---------------+-------------------+-----
Dodging        | 2 |  2.9
Armour         | 3 4 |  4.1
Fighting       | 4 |  4.7
Maces & Flails | 4 |  4.3

Action                   |  1- 3 |  4- 6 || total
-------------------------+-------+-------++-------
Melee: Mace              |   104 |   114 ||   218
       Flail             |       |    49 ||    49
Invok: Berserk           |     6 |     5 ||    11
       Trog's Hand       |       |     2 ||     2
Evoke: Wand              |       |     2 ||     2
  Use: Scroll            |       |     4 ||     4
Armor: Animal skin       |    21 |    20 ||    41
       Scale mail        |       |    88 ||    88
       Leather armour    |       |     1 ||     1
Dodge: Dodged            |    72 |   116 ||   188
